 Dungeon Crawl Stone Soup version 0.28.0-53-g5a82cb258f (webtiles) character file.

Game seed: 17244691663568217406

7515 Peloso the Carver (level 10, -11/90 HPs)
             Began as a Minotaur Fighter on May 27, 2022.
             Was a Priest of Okawaru.
             Mangled by a white ugly thing (20 damage)
             ... on level 10 of the Dungeon.
             The game lasted 00:14:54 (12144 turns).

Peloso the Carver (Minotaur Fighter)               Turns: 12144, Time: 00:14:55

Health: -11/90     AC: 18    Str: 23    XL:     10   Next: 95%
Magic:  9/9        EV:  8    Int:  5    God:    Okawaru [***...]
Gold:   639        SH:  5    Dex: 12    Spells: 9/9 levels left

rFire   . . .      SeeInvis .   a - +1 scimitar (flame)
rCold   . . .      Faith    .   c - +0 buckler
rNeg    . . .      Spirit   .   v - +0 plate armour
rPois   .          Reflect  .   (helmet restricted)
rElec   .          Harm     .   (no cloak)
rCorr   .          Rampage  .   l - +0 pair of gloves
Will    .....                   H - +0 pair of boots
Stlth   ..........              (no amulet)
HPRegen 0.25/turn               (no ring)
MPRegen 0.11/turn               (no ring)

@: no status effects
A: horns 2, retaliatory headbutt
a: Renounce Religion, Heroism


You were on level 10 of the Dungeon.
You worshipped Okawaru.
Okawaru was most pleased with you.
You visited 2 branches of the dungeon, and saw 11 of its levels.

You collected 639 gold pieces.

Inventory:

Hand Weapons
 a - a +1 scimitar of flaming (weapon)
 b - a +4 falchion
 E - a +0 hand crossbow of flaming
Armour
 c - a +0 buckler (worn)
 l - a +0 pair of gloves (worn)
 v - a +0 plate armour (worn)
 H - a +0 pair of boots (worn)
Jewellery
 o - an amulet of magic regeneration
 q - a ring of positive energy
 r - a +6 ring of dexterity
 K - a ring of see invisible
Wands
 n - a wand of acid (5)
 u - a wand of flame (52)
 z - a wand of paralysis (12)
 D - a wand of iceblast (7)
Scrolls
 f - 6 scrolls of identify {unknown}
 i - a scroll of noise {unknown}
 j - a scroll of brand weapon {unknown}
 k - 4 scrolls of fog {unknown}
 p - 2 scrolls of fear {unknown}
 t - a scroll of blinking {unknown}
 w - 2 scrolls of immolation {unknown}
 x - 2 scrolls of vulnerability {unknown}
 y - a scroll of magic mapping {unknown}
 A - a scroll of silence {unknown}
 C - 2 scrolls of enchant weapon {unknown}
 F - 2 scrolls of amnesia {unknown}
 G - a scroll of teleportation {unknown}
Potions
 d - 3 potions of might
 e - 5 potions of flight
 g - a potion of mutation {unknown}
 h - a potion of degeneration {unknown}
 m - a potion of invisibility {unknown}
 s - 3 potions of curing {unknown}
 B - 2 potions of lignification {unknown}
 I - a potion of haste {unknown}
 J - a potion of brilliance {unknown}


   Skills:
 + Level 8.7 Fighting
 + Level 12.8 Long Blades
 + Level 12.0 Armour
 + Level 3.4 Dodging
 + Level 1.5 Stealth
 + Level 6.4 Shields
 + Level 1.1 Evocations


You had 9 spell levels left.
You didn't know any spells.
Your spell library contained the following spells:

 Spells                   Type           Power      Damage    Failure   Level
 Magic Dart               Conj           0%         1d3       100%        1
 Pain                     Necr           0%         1d4       100%        1
 Sandblast                Erth           0%         2d4       100%        1
 Passwall                 Tmut/Erth      0%         N/A       100%        2
 Mephitic Cloud           Conj/Pois/Air  0%         N/A       100%        3
 Stone Arrow              Conj/Erth      0%         3d7       100%        3
 Vampiric Draining        Necr           0%         2d6       100%        3
 Passage of Golubria      Tloc           0%         N/A       100%        4
 Yara's Violent Unravell  Hex/Tmut       0%         3d3       100%        5
 Animate Skeleton         Necr           Unusable   N/A       N/A         1
 Summon Small Mammal      Summ           Unusable   N/A       N/A         1
 Call Imp                 Summ           Unusable   N/A       N/A         2
 Call Canine Familiar     Summ           Unusable   N/A       N/A         3
 Summon Guardian Golem    Hex/Summ       Unusable   N/A       N/A         3
 Tukima's Dance           Hex            Unusable   N/A       N/A         3

Dungeon Overview and Level Annotations

Branches:
Dungeon (10/15)            Temple (1/1) D:7
   Lair: D:8-11         Orc: D:9-12

Altars:
Cheibriados
Gozag
Kikubaaqudgha
Makhleb
Nemelex Xobeh
Okawaru
Ru
Sif Muna
Trog
Uskayaw
Vehumet
Xom
Zin

Annotations:
D:10 2 transporters


Innate Abilities, Weirdness & Mutations

You have a pair of horns on your head.
You reflexively headbutt those who attack you in melee.


Message History

Sorry, I don't know how to get there.
You now have 639 gold pieces (gained 15).
Found two transporters.
The orc wizard shouts!
You hear a shout! x3
C - 2 scrolls labelled PUWANABUCU (gained 1)
The orc high priest shouts!
You hear a shout! x5
The orc shouts!
You hear a shout! x2
e - 5 potions of flight (gained 1)
The orc warrior shouts!
A white ugly thing comes into view.
The white ugly thing gurgles horribly!
A white ugly thing is nearby!
You hit the white ugly thing but do no damage.
The white ugly thing trunk-slaps you! The white ugly thing freezes you!!
You hit the white ugly thing. You burn the white ugly thing.
Your headbutt misses the white ugly thing.
The white ugly thing is lightly wounded.
You block the white ugly thing's attack.
You barely miss the white ugly thing.
You headbutt the white ugly thing, but do no damage.
The white ugly thing is lightly wounded.
The white ugly thing barely misses you.
You barely miss the white ugly thing.
Your headbutt misses the white ugly thing.
The white ugly thing is lightly wounded.
You hit the white ugly thing but do no damage.
You headbutt the white ugly thing.
The white ugly thing is lightly wounded.
The white ugly thing trunk-slaps you but does no damage.
You hit the white ugly thing. You burn the white ugly thing.
The white ugly thing is lightly wounded.
The white ugly thing trunk-slaps you! The white ugly thing freezes you!!
* * * LOW HITPOINT WARNING * * *
You slash the white ugly thing! You burn the white ugly thing.
Your headbutt misses the white ugly thing.
The white ugly thing is heavily wounded.
The white ugly thing trunk-slaps you.
* * * LOW HITPOINT WARNING * * *
The white ugly thing freezes you!!
You die...

############
#..(.....<.#
#..........#
#..........#
#..........#
##.........#
##........#########
#..........@.....#
#......#####u.####
#..###.# ..# #o#..#
#.# ..# Co#o#©.#
#.# ..# .##.#.##
#.# ..# .#.#. ###
#.# ..o.## .# #..


You could see a white ugly thing.

Vanquished Creatures
  A two-headed ogre (D:9)
  Erica (D:8)
  A manticore (D:9)
  Prince Ribbit (D:8)
  2 slime creatures (D:6)
  2 wyverns
  2 steam dragons (D:8)
  3 yaks (D:9)
  Edmund (D:4)
  2 water moccasins
  A sky beast (D:6)
  An orc warrior (D:7)
  An ice beast (D:6)
  2 necrophages
  2 ogres (D:6)
  3 centaurs
  3 kobold brigands (D:6)
  3 bullfrogs
  A wyvern zombie (D:8)
  6 scorpions
  A water moccasin zombie (D:6)
  24 wights
  3 howler monkeys (D:8)
  5 jellies
  3 centaur zombies
  5 hounds
  A bullfrog skeleton (D:5)
  3 orc priests
  A centaur skeleton (D:5)
  Ijyb (D:4)
  Natasha (thrice) (D:2)
  3 iguanas
  13 orc wizards
  7 gnolls
  10 adders
  A shadow imp (D:7)
  A white imp (D:6)
  An ufetubus (D:7)
  3 worms (D:2)
  4 dart slugs
  20 orcs
  7 ball pythons
  13 endoplasms
  5 giant cockroaches
  8 goblins
  7 hobgoblins
  6 quokkas
  5 bats
  2 frilled lizards (D:1)
  12 kobolds
  24 rats
241 creatures vanquished.

Vanquished Creatures (others)
  10 fungi (D:6)
  7 toadstools (D:6)
17 creatures vanquished.

Grand Total: 258 creatures vanquished

Notes
Turn   | Place    | Note
-------+----------+-------------------------------------------
     0 | D:1      | Peloso the Minotaur Fighter began the quest for the Orb.
     0 | D:1      | Reached XP level 1. HP: 19/19 MP: 0/0
    51 | D:1      | Reached XP level 2. HP: 27/27 MP: 1/1
   454 | D:1      | Reached XP level 3. HP: 26/33 MP: 2/2
   705 | D:2      | Noticed Natasha
   712 | D:2      | Killed Natasha
   927 | D:2      | Reached XP level 4. HP: 41/41 MP: 3/3
  1169 | D:2      | Reached skill level 1 in Dodging
  1264 | D:2      | Reached XP level 5. HP: 45/47 MP: 4/4
  1675 | D:2      | Reached skill level 5 in Armour
  1863 | D:2      | Noticed Natasha
  1878 | D:2      | Killed Natasha
  2161 | D:2      | Noticed Natasha
  2165 | D:2      | Killed Natasha
  2762 | D:3      | Reached skill level 5 in Long Blades
  2762 | D:3      | Reached XP level 6. HP: 55/55 MP: 5/5
  3542 | D:4      | Noticed a water moccasin
  3552 | D:4      | Killed a water moccasin
  3734 | D:4      | Reached skill level 5 in Fighting
  3901 | D:4      | Reached XP level 7. HP: 59/61 MP: 6/6
  4162 | D:4      | Noticed Edmund
  4168 | D:4      | Killed Edmund
  4479 | D:5      | Entered Level 5 of the Dungeon
  4480 | D:5      | Noticed Ijyb
  4492 | D:4      | Killed Ijyb
  4517 | D:5      | Reached XP level 8. HP: 69/69 MP: 7/7
  4532 | D:4      | Reached skill level 5 in Shields
  5208 | D:5      | You fall into a shaft and drop 2 floors!
  6631 | D:5      | Reached XP level 9. HP: 78/78 MP: 8/8
  7634 | D:6      | Reached skill level 10 in Long Blades
  8749 | D:7      | Reached skill level 1 in Stealth
  8753 | D:7      | Reached skill level 10 in Armour
  9504 | D:7      | Found a staircase to the Ecumenical Temple.
  9518 | Temple   | Entered the Ecumenical Temple
  9880 | Temple   | Became a worshipper of Warmaster Okawaru
 10246 | D:8      | Noticed Erica
 10258 | D:8      | Killed Erica
 10259 | D:8      | Reached XP level 10. HP: 69/86 MP: 9/9
 10500 | D:8      | Reached * piety under Okawaru
 10661 | D:8      | Noticed Prince Ribbit
 10673 | D:8      | Killed Prince Ribbit
 10674 | D:8      | Reached skill level 1 in Evocations
 11146 | D:8      | Reached ** piety under Okawaru
 11614 | D:9      | Noticed a two-headed ogre
 11620 | D:9      | Killed a two-headed ogre
 11620 | D:9      | Reached *** piety under Okawaru
 11637 | D:9      | Noticed a manticore
 11642 | D:9      | Killed a manticore
 11934 | D:9      | Found an ancient bone altar of Kikubaaqudgha.
 12115 | D:10     | Entered Level 10 of the Dungeon
 12121 | D:10     | Found a transporter.
 12121 | D:10     | Found a transporter.
 12124 | D:10     | Noticed an orc high priest
 12128 | D:10     | Noticed a cyclops
 12136 | D:10     | Noticed a white ugly thing
 12144 | D:10     | Mangled by a white ugly thing

Illustrated notes

Levels and vault maps discovered:
D:1:      grunt_arrival_crossed_arrows, layout_rooms, minmay_strange_pillars
D:2:      layout_basic, minmay_box_of_dots, uniq_natasha
D:3:      layout_basic, grunt_ministairs_13, minmay_rat_hole
D:4:      layout_loops_ring, uniq_edmund
D:5:      layout_basic, grunt_ministairs_6, uniq_ijyb
D:6:      cheibrodos_fertilizer, layout_loops_corners
D:7:      layout_basic, minmay_temple_entry_proselytizer
D:8:      layout_cave_pools, uniq_erica, uniq_prince_ribbit1
D:9:      layout_loops_ring, nicolae_kikubaaqudgha_miasma_corner
D:10:     gammafunk_beogh_shrine, layout_small_grid, kennysheep_mini,
          minmay_statue_bubble, uniq_grum
Temple:   mainiacjoe_temple_cubbyholes

Skill      XL: |  1  2  3  4  5  6  7  8  9 10 |
---------------+-------------------------------+-----
Armour         | 4 5 7 8 10 12 | 12.0
Fighting       | 4 5 6 7 8 |  8.7
Long Blades    | 3 4 5 7 9 11 12 | 12.8
Dodging        | 1 2 3 |  3.4
Shields        | 4 5 6 |  6.4
Stealth        | 1 |  1.5
Evocations     | 1 |  1.1

Action                   |  1- 3 |  4- 6 |  7- 9 | 10-12 || total
-------------------------+-------+-------+-------+-------++-------
Melee: Long sword        |    59 |   172 |   313 |    24 ||   568
       Headbutt          |     5 |    29 |    75 |    25 ||   134
       Scimitar          |       |       |       |   122 ||   122
Evoke: Wand              |       |       |     8 |     7 ||    15
  Use: Potion            |     1 |       |       |       ||     1
Armor: Scale mail        |    28 |    69 |     7 |       ||   104
       Chain mail        |       |       |    60 |       ||    60
       Plate armour      |       |       |   109 |    96 ||   205
Dodge: Dodged            |    25 |    90 |    91 |    43 ||   249
Block: Buckler           |    12 |    35 |    55 |    28 ||   130
